 Dungeon Crawl Stone Soup version 0.25.1-8-g42b30a86e7 (webtiles) character file.

Game seed: 1511820700887827357

44 pokeman the Magician (level 3, 0/20 HPs)
             Began as a Deep Elf Wizard on Dec 15, 2020.
             Engulfed by a cloud of flame (20 damage)
             ... on level 2 of the Dungeon.
             The game lasted 00:02:28 (1532 turns).

pokeman the Magician (Deep Elf Wizard)              Turns: 1532, Time: 00:02:28

Health: 0/20       AC:  5    Str:  4    XL:     3   Next: 39%
Magic:  10/11      EV: 11    Int: 29    God:
Gold:   61         SH:  0    Dex: 13    Spells: 1/12 levels left

rFire    . . .     SeeInvis .   (no weapon)
rCold    . . .     Gourm    .   (no shield)
rNeg     . . .     Faith    .   f - +0 leather armour
rPois    .         Spirit   .   b - +0 hat
rElec    .         Reflect  .   g - +0 cloak
rCorr    .         Harm     .   (no gloves)
MR       .....                  m - +0 pair of boots
Stlth    ++........             (no amulet)
HPRegen  0.06/turn              p - +6 ring of intelligence
MPRegen  0.12/turn              (no ring)

@: no status effects
A: no striking features
a: no special abilities


You were on level 2 of the Dungeon.
You were not hungry.

You visited 1 branch of the dungeon, and saw 2 of its levels.

You collected 61 gold pieces.

Inventory:

Missiles
 c - 42 bolts
Armour
 b - a +0 hat (worn)
 f - a +0 leather armour (worn)
 g - a +0 cloak (worn)
 m - a +0 pair of boots (worn)
Jewellery
 p - a +6 ring of intelligence (left hand)
Scrolls
 a - a scroll of fog {unknown}
 e - 3 scrolls of identify {unknown}
 h - a scroll of magic mapping {unknown}
 j - a scroll of enchant armour {unknown}
 k - a scroll of teleportation {unknown}
 n - a scroll of random uselessness {unknown}
 o - 3 scrolls of remove curse {unknown}
Potions
 l - a potion of lignification {unknown}
Comestibles
 d - 3 rations
 i - 3 chunks of flesh


   Skills:
 + Level 0.9 Fighting
 + Level 0.9 Armour
 - Level 2.4 Dodging
 - Level 2.4 Stealth
 * Level 5.2 Spellcasting
 + Level 1.8 Conjurations
 - Level 1.1 Summonings
 - Level 1.1 Translocations


You had one spell level left.
You knew the following spells:

 Your Spells              Type           Power        Failure   Level  Hunger
a - Magic Dart            Conj           ###.         4%          1    None
b - Mephitic Cloud        Conj/Pois/Air  ##......     24%         3    None
c - Call Imp              Summ           ##......     10%         2    None
d - Blink                 Tloc           N/A          10%         2    None
e - Conjure Flame         Conj/Fire      ##......     22%         3    None

Your spell library contained the following spells:

 Spells                   Type           Power        Failure   Level  Hunger
 Slow                     Hex            #.......     16%         2    None


Dungeon Overview and Level Annotations

Branches:
Dungeon (2/15)

Altars:
Vehumet
Wu Jian


Message History

3 stones; a +0 club; a goblin skeleton x2
Unknown command.
p - a notched copper ring
c - 42 bolts (gained 19)
Found a ring mail.
Found a radiant altar of Vehumet.
You feel clever.
p - a +6 ring of intelligence (left hand)
A rat comes into view.
Casting: Magic Dart (safe; 4% risk of failure)
Confirm with . or Enter, or press ? or * to list all spells.
Aiming: Magic Dart (safe; 4% risk of failure)
Press: ? - help, Shift-Dir - straight line, f - rat
Aim: a rat (asleep)
The magic dart hits the rat.
You kill the rat!
Really walk into a travel-excluded area?
Found an ornate altar of the Wu Jian Council.
You are engulfed in blazing flames.
Ouch! That really hurt!
You die...

# ... ..## ...
...# ..## #..#
###..) #
#...##.#.# .#
#........#..#
#....@...._.#
#.☼._§..#####
#..○☼☼..###.##
.....#
##.°.[....#..#
.[.....
##....##.#..#
.......
#######.#..######
........
#............#
........
#.#......###.#
........
#.........##.##


There were no monsters in sight!

Vanquished Creatures
  A worm (D:2)
  A dart slug (D:1)
  A leopard gecko (D:2)
  6 bats
  10 goblins
  4 hobgoblins
  3 frilled lizards (D:1)
  6 kobolds
  4 rats
36 creatures vanquished.

Vanquished Creatures (others)
  A worm (D:2)
1 creature vanquished.

Grand Total: 37 creatures vanquished

Notes
Turn   | Place    | Note
-------+----------+-------------------------------------------
     0 | D:1      | pokeman the Deep Elf Wizard began the quest for the Orb.
     0 | D:1      | Reached XP level 1. HP: 10/10 MP: 7/7
   206 | D:1      | Reached XP level 2. HP: 16/16 MP: 5/9
   683 | D:1      | Reached skill level 5 in Spellcasting
  1089 | D:2      | Reached XP level 3. HP: 20/20 MP: 6/11
  1096 | D:2      | Learned a level 3 spell: Mephitic Cloud
  1099 | D:2      | Learned a level 2 spell: Call Imp
  1102 | D:2      | Learned a level 2 spell: Blink
  1106 | D:2      | Learned a level 3 spell: Conjure Flame
  1524 | D:2      | Found a radiant altar of Vehumet.
  1531 | D:2      | Found an ornate altar of the Wu Jian Council.
  1532 | D:2      | Engulfed by a cloud of flame

Illustrated notes

Levels and vault maps discovered:
D:1:      dpeg_arrival_three_smaller_balls, layout_rooms, serial_curves,
          eino_curves_04, eino_curves_03, minmay_close_crescents
D:2:      layout_basic, fiery_altar_vehumet, overflow_temple_1_default

Skill      XL: |  1  2 |
---------------+-------+-----
Spellcasting   | 5 |  5.2
Fighting       | |  0.9
Armour         | |  0.9
Dodging        | |  2.4
Stealth        | |  2.4
Conjurations   | |  1.8
Summonings     | |  1.1
Translocations | |  1.1

Action                   || total
-------------------------++-------
Melee: Unarmed           ||     2
 Cast: Magic Dart        ||    65
       Conjure Flame     ||     1
       Mephitic Cloud    ||     1
  Eat: Chunk             ||     2
Armor: Robe              ||     1
       Leather armour    ||     3
Dodge: Dodged            ||     6
